 Dungeon Crawl Stone Soup version 0.28.0-53-g5a82cb258f (webtiles) character file.

Game seed: 10430257163847913865

47 Revguard the Skirmisher (level 3, -11/30 HPs)
             Began as a Barachi Fighter on June 10, 2022.
             Mangled by Terence
             ... wielding a +1 hand axe of electrocution
              (15 damage)
             ... on level 2 of the Dungeon.
             The game lasted 00:02:46 (1759 turns).

Revguard the Skirmisher (Barachi Fighter)           Turns: 1759, Time: 00:02:46

Health: -11/30     AC:  7    Str: 17    XL:     3   Next: 70%
Magic:  4/4        EV:  9    Int:  8    God:
Gold:   56         SH:  5    Dex: 13    Spells: 2/2 levels left

rFire   . . .      SeeInvis .   a - +0 long sword
rCold   . . .      Faith    .   c - +0 buckler
rNeg    . . .      Spirit   .   b - +0 scale mail
rPois   .          Reflect  .   (no helmet)
rElec   .          Harm     .   (no cloak)
rCorr   .          Rampage  .   (no gloves)
Will    .....                   (no boots)
Stlth   ..........              (no amulet)
HPRegen 0.10/turn               (no ring)
MPRegen 0.09/turn               (no ring)

@: slow
A: amphibious, slowness 1, strong legs 1, +LOS
a: Hop


You were on level 2 of the Dungeon.
You visited 1 branch of the dungeon, and saw 2 of its levels.

You collected 56 gold pieces.

Inventory:

Hand Weapons
 a - a +0 long sword (weapon)
Armour
 b - a +0 scale mail (worn)
 c - a +0 buckler (worn)
Jewellery
 h - an amulet of magic regeneration
 j - an amulet of regeneration
Scrolls
 e - a scroll of enchant weapon {unknown}
 f - 4 scrolls of teleportation {unknown}
 g - a scroll of amnesia {unknown}
 i - a scroll of blinking {unknown}
Potions
 d - 2 potions of might


   Skills:
 + Level 3.9 Fighting
 + Level 2.8 Long Blades
 + Level 3.9 Armour
 + Level 1.1 Dodging
 + Level 3.6 Shields
 * Level 1.4 Invocations


You had 2 spell levels left.
You didn't know any spells.
Your spell library was empty.

Dungeon Overview and Level Annotations

Branches:
Dungeon (2/15)

Altars:

Shops:
D:2 (

Annotations:
D:2 Terence


Innate Abilities, Weirdness & Mutations

You are amphibious.
You cover ground slowly.
You can hop short distances.
You have an extended range of vision and can be seen from far away.


Message History

The kobold throws a stone.
The stone closely misses you.
The kobold throws a stone.
The stone barely misses you.
You barely miss the kobold. The kobold hits you but does no damage.
You barely miss the kobold. The kobold hits you but does no damage.
You hit the kobold.
The kobold is severely wounded.
The kobold closely misses you. The kobold hits you but does no damage.
You hit the kobold.
You kill the kobold!
Found a stone staircase leading up.
Things that are here:
a +0 dagger; a stone; a kobold corpse
There is a stone staircase leading up here.
You open the door.
Terence and a goblin come into view.
Terence is wielding a +1 hand axe of electrocution.
Found a scale mail.
There is an open door here.
The goblin hits you but does no damage.
You closely miss the goblin. You block the goblin's attack.
The goblin barely misses you.
You closely miss the goblin. The goblin barely misses you.
You hit the goblin.
You kill the goblin!
You hit Terence but do no damage.
Terence hits you with a +1 hand axe of electrocution.
You are electrocuted!
Ouch! That really hurt!
You slash Terence!
Terence is heavily wounded.
Terence hits you with a +1 hand axe of electrocution.
You barely miss Terence.
Terence is heavily wounded.
Terence hits you with a +1 hand axe of electrocution.
* * * LOW HITPOINT WARNING * * *
Terence hits you with a +1 hand axe of electrocution.
* * * LOW HITPOINT WARNING * * *
You are electrocuted!
Ouch! That really hurt!
You die...

#... #... #... #... ###)..
######## #..... ........
#...##
.[......##############...##
........'@@................
........######.............
........ #......##...#.
........ #......##...#.
........ #......##...#.
........ #.............
############ #......######.
#......# #......# #....
#......# #####..###.##.


You could see Terence.

Vanquished Creatures
  2 adders (D:2)
  A dart slug (D:2)
  3 endoplasms (D:2)
  2 goblins
  5 hobgoblins
  A quokka (D:2)
  A ball python (D:2)
  4 bats (D:1)
  3 frilled lizards
  5 kobolds
  A rat (D:1)
28 creatures vanquished.

Notes
Turn   | Place    | Note
-------+----------+-------------------------------------------
     0 | D:1      | Revguard the Barachi Fighter began the quest for the Orb.
     0 | D:1      | Reached XP level 1. HP: 18/18 MP: 1/1
   323 | D:1      | Reached XP level 2. HP: 20/25 MP: 2/2
   450 | D:1      | Found a faded altar of an unknown god.
   840 | D:2      | Reached skill level 1 in Invocations
  1007 | D:2      | Reached XP level 3. HP: 25/30 MP: 3/3
  1085 | D:2      | Reached skill level 1 in Dodging
  1298 | D:2      | Found Uropses's Antique Weapon Emporium.
  1748 | D:2      | Noticed Terence
  1759 | D:2      | Mangled by Terence

Illustrated notes

Levels and vault maps discovered:
D:1:      heliophobic_arrival_dark_side_of_the_moon, layout_rooms,
          shapermc_ecumenical_altar_acropolis
D:2:      layout_basic, serial_shops, nicolae_shop_trees, uniq_terence

Skill      XL: |  1  2  3 |
---------------+----------+-----
Invocations    | 1 |  1.4
Dodging        | 1 |  1.1
Fighting       | |  3.9
Long Blades    | |  2.8
Armour         | |  3.9
Shields        | |  3.6

Action                   || total
-------------------------++-------
Melee: Long sword        ||    88
 Abil: Hop               ||     1
  Use: Potion            ||     2
Armor: Scale mail        ||    37
Dodge: Dodged            ||    53
Block: Buckler           ||    22
